 Dungeon Crawl Stone Soup version 0.19.0-19-g8c6edcc (webtiles) character file.

481 Lochraine the Gusty (level 7, -6/36 HPs)
             Began as a Tengu Air Elementalist on Nov 12, 2016.
             Mangled by an ogre
             ... wielding a +0 giant club
              (27 damage)
             ... on level 5 of the Dungeon.
             The game lasted 00:15:09 (5878 turns).

Lochraine the Gusty (Tengu Air Elementalist)        Turns: 5878, Time: 00:15:10

Health: -6/36      AC:  5    Str: 10      XL:     7   Next: 12%
Magic:  14/14      EV: 12    Int: 15      God:
Gold:   196        SH:  0    Dex: 14 (15) Spells: 3 memorised, 8 levels left

rFire  + . .     SeeInvis .     w - +3 war axe of Pirreb {protect, rF+}
rCold  . . .     Gourm    .     t - +2 leather armour {rPois}
rNeg   . . .     Faith    .     (no shield)
rPois  +         Spirit   .     (helmet restricted)
rElec  .         Reflect  .     (no cloak)
rCorr  .         Harm     .     (no gloves)
MR     .....                    (boots unavailable)
Stlth  ++........               (no amulet)
                                (no ring)
                                i - ring of flight

@: no status effects
A: beak, talons 3, able to fly 1
a: Fly, Evoke Flight


You were on level 5 of the Dungeon.
You were hungry.

You visited 1 branch of the dungeon, and saw 5 of its levels.

You collected 196 gold pieces.

Inventory:

Hand Weapons
 d - a +1 whip
 h - a +2 dagger of venom
 w - the +3 war axe of Pirreb (weapon) {protect, rF+}
   (You found it on level 4 of the Dungeon)

   It protects the one who uses it against injury (+AC on strike).
   It protects you from fire.
Armour
 a - a +0 robe
 n - a +0 chain mail
 p - a +1 scale mail of fire resistance
 t - a +2 leather armour of poison resistance (worn)
Jewellery
 i - a ring of flight (left hand)
Wands
 r - a wand of flame (24/48)
Scrolls
 e - 6 scrolls of identify
 g - 5 scrolls of remove curse
 j - a scroll of random uselessness {unknown}
 o - 4 scrolls of enchant armour
 s - a scroll of fear {unknown}
 v - a scroll of fog {unknown}
 x - a scroll of teleportation {unknown}
Potions
 f - a potion of cure mutation
 k - a potion of curing {unknown}
 l - a potion of brilliance
 m - 2 potions of invisibility {unknown}
 q - a potion of flight {unknown}
 z - a potion of degeneration {unknown}
Books
 b - a book of Air

   Spells                             Type                      Level
   a - Shock                          Conjuration/Air              1
   b - Swiftness                      Charms/Air                   2
   c - Repel Missiles                 Charms/Air                   2
   d - Static Discharge               Conjuration/Air              3
   e - Lightning Bolt                 Conjuration/Air              5
Comestibles
 c - 2 bread rations


   Skills:
 - Level 2.1 Dodging
 - Level 2.0 Stealth
 + Level 4.2 Spellcasting
 + Level 5.5 Conjurations
 + Level 6.7 Air Magic


You had 8 spell levels left.
You knew the following spells:

 Your Spells              Type           Power        Failure   Level  Hunger
a - Shock                 Conj/Air       ###.         1%          1    None
b - Swiftness             Chrm/Air       ##......     12%         2    ##.....
c - Static Discharge      Conj/Air       ###.....     8%          3    ###....


Dungeon Overview and Level Annotations

Branches:
Dungeon (5/15)
 Temple: D:4-7

Altars:
Gozag

Shops:
D:4 *


Innate Abilities, Weirdness & Mutations

You have a beak for a mouth.
You have claws for feet.
You can fly.


Message History

You slash the ooze!
Your weapon exudes an aura of protection.
You claw the ooze.
You kill the ooze!
No target in view!
Found a stone staircase leading up.
No target in view!
You are feeling hungry.
No target in view!
Done exploring.
(D) Dungeon
Where to? (Enter - D:4, ? - help)
There is a stone staircase leading down here.
You climb downwards.
The ogre hits you with a giant club! The orc hits you but does no damage.
There is a stone staircase leading up, spattered with blood here.
The orc priest shouts!
The ogre hits you with a giant club!!
Ouch! That really hurt!
You die...

. ############# ..
#...........#
...#...........#
...............#
#..........#
#....#.###.#
#........#.#####
#....?#..#.....#
+.........@O...#
#...###o.#o....#
##.............#
..................
o###.......#.......
#.o.............
#......#.###....
#...... ....


You could see an ogre, an orc priest and 2 orcs.

Vanquished Creatures
  Eustachio (D:4)
  A water moccasin (D:4)
  A crimson imp (D:4)
  An orc priest (D:4)
  Ijyb (D:3)
  6 adders
  An ooze (D:4)
  4 worms
  7 dart slugs
  6 orcs
  6 giant cockroaches
  12 goblins
  12 hobgoblins
  8 jackals
  A quokka (D:3)
  2 ball pythons (D:4)
  5 bats
  3 frilled lizards
  8 kobolds
  9 rats
95 creatures vanquished.

Notes
Turn   | Place    | Note
-------+----------+-------------------------------------------
     0 | D:1      | Lochraine the Tengu Air Elementalist began the quest for the Orb.
     0 | D:1      | Reached XP level 1. HP: 10/10 MP: 4/4
   425 | D:1      | Reached XP level 2. HP: 15/15 MP: 0/6
  1180 | D:1      | Reached XP level 3. HP: 18/19 MP: 7/7
  2535 | D:2      | Learned a level 2 spell: Swiftness
  2845 | D:2      | Found an opulent altar of Gozag.
  2908 | D:3      | Reached skill level 5 in Air Magic
  2908 | D:3      | Reached XP level 4. HP: 13/24 MP: 3/9
  3672 | D:3      | Gained mutation: You can fly. [Tengu growth]
  3672 | D:3      | Reached XP level 5. HP: 18/28 MP: 2/10
  3955 | D:3      | Noticed Ijyb
  3992 | D:3      | Killed Ijyb
  4245 | D:4      | Found Zeduthrett's Serpentskin Sales.
  4245 | D:4      | Noticed a water moccasin
  4252 | D:4      | Killed a water moccasin
  4252 | D:4      | Reached skill level 6 in Air Magic
  4252 | D:4      | Reached XP level 6. HP: 18/32 MP: 3/12
  4702 | D:4      | Got a bone war axe
  4703 | D:4      | Identified the +3 war axe of Pirreb {protect, rF+} (You found it on level 4 of the Dungeon)
  4872 | D:4      | Noticed Eustachio
  4899 | D:5      | Entered Level 5 of the Dungeon
  4965 | D:4      | Learned a level 3 spell: Static Discharge
  5088 | D:4      | Reached skill level 5 in Conjurations
  5711 | D:4      | Killed Eustachio
  5711 | D:4      | Reached XP level 7. HP: 28/36 MP: 0/14
  5878 | D:5      | Mangled by an ogre

Skill      XL: |  1  2  3  4  5  6 |
---------------+-------------------+-----
Conjurations   | 2 3 4 5 |  5.5
Air Magic      | 5 6 |  6.7
Spellcasting   | 3 4 |  4.2
Dodging        | |  2.1
Stealth        | |  2.0

Action                   |  1- 3 |  4- 6 |  7- 9 || total
-------------------------+-------+-------+-------++-------
Melee: Whip              |    33 |       |       ||    33
       Kick              |     3 |    18 |     1 ||    22
       Peck              |     3 |     5 |       ||     8
       Dagger            |    24 |    17 |       ||    41
       War axe           |       |    36 |     1 ||    37
 Cast: Shock             |    55 |    98 |     1 ||   154
       Static Discharge  |       |     3 |       ||     3
  Use: Scroll            |     4 |     2 |       ||     6
       Potion            |       |     2 |       ||     2
 Stab: Sleeping          |     6 |       |       ||     6
  Eat: Chunk             |     7 |     9 |       ||    16
Armor: Robe              |    12 |     3 |       ||    15
       Leather armour    |       |    32 |       ||    32
Dodge: Dodged            |    35 |   104 |       ||   139
